 Dungeon Crawl Stone Soup version 0.25.1-2-g60ff931df9 (webtiles) character file.

Game seed: 5815173193214303162

1120 cantrip the Chopper (level 8, -2/64 HPs)
             Began as a Formicid Fighter on Sept 11, 2020.
             Was a Follower of Okawaru.
             Slain by an ogre
             ... wielding the +3 great mace "Lehynal" {freeze, rC+ MR+}
              (3 damage)
             ... on level 3 of the Dungeon.
             The game lasted 00:12:10 (5903 turns).

cantrip the Chopper (Formicid Fighter)              Turns: 5903, Time: 00:12:10

Health: -2/64      AC: 15    Str: 24    XL:     8   Next: 60%
Magic:  8/8        EV:  6    Int:  7    God:    Okawaru [*.....]
Gold:   327        SH: 10    Dex: 10    Spells: 7/7 levels left

rFire    x . .     SeeInvis +   a - +0 war axe
rCold    + . .     Gourm    .   c - +0 kite shield
rNeg     . . .     Faith    .   j - +0 plate armour
rPois    .         Spirit   .   (helmet unavailable)
rElec    .         Reflect  .   (no cloak)
rCorr    .         Harm     .   m - +0 pair of gloves
MR       .....                  r - +0 pair of boots
Stlth    ..........             (no amulet)
HPRegen  0.20/turn              A - ring of ice
MPRegen  0.11/turn              (no ring)

@: no status effects
A: permanent stasis, dig shafts and tunnels, four strong arms, antennae 3
a: Dig, Shaft Self, Heroism, Renounce Religion


You were on level 3 of the Dungeon.
You worshipped Okawaru.
Okawaru was aware of your devotion.
You were not hungry.

You visited 2 branches of the dungeon, and saw 6 of its levels.

You collected 327 gold pieces.

Inventory:

Hand Weapons
 a - a +0 war axe (weapon)
Missiles
 o - 31 arrows
Armour
 c - a +0 kite shield (worn)
 j - a +0 plate armour (worn)
 m - a +0 pair of gloves (worn)
 r - a +0 pair of boots (worn)
Jewellery
 A - a ring of ice (left hand)
Scrolls
 b - 3 scrolls of identify {unknown}
 e - 4 scrolls of remove curse {unknown}
 g - 3 scrolls of teleportation {unknown}
 i - 2 scrolls of enchant weapon {unknown}
 n - a scroll of enchant armour {unknown}
 q - 2 scrolls of random uselessness {unknown}
 t - 2 scrolls of amnesia {unknown}
 w - a scroll of fear {unknown}
 y - a scroll of holy word {unknown}
Potions
 d - 3 potions of might
 h - a potion of haste {unknown}
 k - 4 potions of curing
 l - a potion of resistance {unknown}
 p - a potion of brilliance {unknown}
 s - 4 potions of degeneration {unknown}
 u - 2 potions of berserk rage
 v - a potion of lignification {unknown}
 x - a potion of mutation {unknown}
 z - 2 potions of heal wounds {unknown}
 B - a potion of flight {unknown}
Comestibles
 f - 11 rations


   Skills:
 * Level 5.7 Fighting
 + Level 6.2 Axes
 * Level 6.0 Armour
 + Level 0.3 Dodging
 + Level 5.9 Shields


You had 7 spell levels left.
You didn't know any spells.
Your spell library was empty.

Dungeon Overview and Level Annotations

Branches:
Dungeon (5/15)             Temple (1/1) D:5

Altars:
Dithmenos
Kikubaaqudgha
Nemelex Xobeh
Okawaru

Annotations:
D:3 1 transporter


Innate Abilities, Weirdness & Mutations

You cannot be hasted, slowed, berserked, paralysed or teleported.
You can dig through walls and to a lower floor.
Your four strong arms can wield two-handed weapons with a shield.
You have a pair of large antennae on your head. (SInv)


Message History

The ogre is moderately wounded.
The ogre hits you with a +0 giant spiked club!
You slash the ogre!
The ogre is severely wounded.
The ogre hits you with a +0 giant spiked club!
You slash the ogre!
You kill the ogre!
Okawaru accepts your kill.
You can now gain great but temporary skills.
Your Armour skill increases to level 6!
You hit the ogre.
The ogre is severely wounded.
The ogre hits you with the +3 great mace "Lehynal" {freeze, rC+ MR+}!
The ogre freezes you.
Your plate armour prevents you from hitting the ogre.
The ogre is severely wounded.
The ogre hits you with the +3 great mace "Lehynal" {freeze, rC+ MR+}!!
* * * LOW HITPOINT WARNING * * *
The ogre freezes you.
You die...

..# #######.........###### .##
#....................# .#
###.#####..........###.## .#
#####...# #..........###..# .#
#..)..#######..........#..<.#
.###.##### #.....©.©.....#.####
..##.# ###############.# ..#..#
##©...$$.....##.# ..#.##
#.#@.#.#..#.#..#####
....##########.O##...##..##.....#
..........)..#..##..?##..##.....#
....##########.#..#.#..#.##.....#
......# #.....©.....#......#
.#.##.##### ##############.....#
##..#.....## ###......##.....#
###...###..# #...####.##.....#
..(.....##.######.### #.########


You could see an ogre.

Vanquished Creatures
  The ghost of gwenloh the Ruffian, an amateur DrTm (D:3)
  Sigmund (D:3)
  A steam dragon (D:4)
  An ogre (D:3)
  A howler monkey (D:5)
  A crimson imp (D:5)
  A hound (D:5)
  An orc wizard (D:3)
  3 orc priests
  A centaur skeleton (D:5)
  An iguana (D:5)
  3 worker ants (D:5)
  A hound skeleton (D:4)
  7 adders
  A shadow imp (D:5)
  An ooze (D:3)
  3 adder skeletons
  2 worms (D:2)
  4 dart slugs
  2 leopard geckos
  12 orcs
  10 bats
  3 giant cockroaches
  2 goblins
  6 hobgoblins
  8 jackals
  5 quokkas
  2 ball pythons
  A ball python skeleton (D:4)
  7 frilled lizards
  5 kobolds
  A leopard gecko skeleton (D:4)
  A leopard gecko zombie (D:5)
  3 rats
103 creatures vanquished.

Notes
Turn   | Place    | Note
-------+----------+-------------------------------------------
     0 | D:1      | cantrip the Formicid Fighter began the quest for the Orb.
     0 | D:1      | Reached XP level 1. HP: 18/18 MP: 1/1
     3 | D:1      | Noticed an anaconda
   125 | D:1      | Reached XP level 2. HP: 20/24 MP: 2/2
   885 | D:1      | Noticed a death yak
   931 | D:2      | Reached XP level 3. HP: 30/30 MP: 3/3
   964 | D:2      | Found a faded altar of an unknown god.
  1392 | D:2      | Reached XP level 4. HP: 31/37 MP: 4/4
  2083 | D:3      | Noticed Sigmund
  2096 | D:3      | Killed Sigmund
  2096 | D:3      | Reached XP level 5. HP: 40/43 MP: 5/5
  2096 | D:3      | Reached XP level 6. HP: 46/49 MP: 6/6
  2475 | D:3      | Found a transporter.
  2475 | D:3      | Noticed gwenloh's ghost (amateur DrTm)
  2476 | D:3      | Identified the +3 great mace "Lehynal" {freeze, rC+ MR+}
  2476 | D:3      | Noticed an ogre
  2477 | D:3      | Found a transporter.
  2477 | D:3      | Noticed an ogre
  2822 | D:3      | Reached skill level 5 in Shields
  3142 | D:4      | Reached XP level 7. HP: 43/55 MP: 7/7
  3380 | D:4      | Noticed a steam dragon
  3397 | D:4      | Killed a steam dragon
  4098 | D:5      | Entered Level 5 of the Dungeon
  4107 | D:5      | Reached skill level 5 in Axes
  4107 | D:5      | Reached skill level 5 in Armour
  4192 | D:5      | Reached skill level 5 in Fighting
  4218 | D:5      | Found a staircase to the Ecumenical Temple.
  4223 | Temple   | Entered the Ecumenical Temple
  4235 | Temple   | Became a worshipper of Warmaster Okawaru
  4646 | D:5      | Reached XP level 8. HP: 11/62 MP: 8/8
  5892 | D:3      | Killed gwenloh's ghost
  5901 | D:3      | Reached * piety under Okawaru
  5903 | D:3      | HP: 1/64 [ogre/the +3 great mace "Lehynal" {freeze, rC+
                  | MR+} (22)]
  5903 | D:3      | Slain by an ogre

Illustrated notes

Levels and vault maps discovered:
D:1:      sevenhm_arrival_forest_fort_small_2, layout_basic
D:2:      layout_loops_ring, chequers_ecumenical_altar_lobes,
          minmay_misc_feat_room, minmay_tetromino_s2
D:3:      layout_rooms, gammafunk_ghost_smash, uniq_sigmund
D:4:      layout_basic, kennysheep_generic_room_11
D:5:      layout_layer_cave, minmay_temple_entry_crystal_x, first_ration
Temple:   regret_index_temple_sigil_plot

Skill      XL: |  1  2  3  4  5  6  7  8 |
---------------+-------------------------+-----
Shields        | 4 5 |  5.9
Fighting       | 4 5 |  5.7
Axes           | 3 4 5 6 |  6.2
Armour         | 4 5 6 |  6.0
Dodging        | |  0.3

Action                   |  1- 3 |  4- 6 |  7- 9 || total
-------------------------+-------+-------+-------++-------
Melee: War axe           |   110 |   221 |   170 ||   501
  Use: Potion            |       |       |     2 ||     2
  Eat: Chunk             |     1 |     6 |     8 ||    15
       Ration            |       |       |     1 ||     1
Armor: Scale mail        |    20 |       |       ||    20
       Plate armour      |    64 |   129 |    77 ||   270
Dodge: Dodged            |    30 |    39 |    28 ||    97
Block: Kite shield       |    82 |   143 |    86 ||   311
